[Event "Early-Titled-Tuesday-Blitz-March-05-2024"]
[Site "Chess.com"]
[Date "2024.03.05"]
[Round "5"]
[White "XDPS"]
[Black "wonderfultime"]
[Result "0-1"]
[WhiteElo "2906"]
[BlackElo "3038"]
[TimeControl "180+1"]
[EndTime "8:57:07 PST"]
[Termination "wonderfultime won by resignation"]

1. d4 d5 2. Bf4 Nf6 3. e3 c5 4. Nf3 Qb6 5. b3 Nc6 6. c3 Bg4 7. Nbd2 e6 8. Bd3 Be7 9. O-O O-O 10. Qb1 cxd4 11. cxd4 Nb4 12. Be2 Bf5 13. Qb2 Nc2 14. Nh4 Ba3 15. Qb1 Nxd4 16. Nxf5 Nxe2+ 17. Kh1 exf5 18. Be5 Ng4 19. Qxf5 Qe6 20. Qf3 Nxe5 21. Qxe2 Rac8 22. Qb5 Rc2 23. Rad1 Qc6 24. Qa5 Bc5 0-1

[Event "Early-Titled-Tuesday-Blitz-March-05-2024"]
[Site "Chess.com"]
[Date "2024.03.05"]
[Round "5"]
[White "santosalberto1987"]
[Black "JaloliddinIlkhomi"]
[Result "1-0"]
[WhiteElo "2555"]
[BlackElo "2729"]
[TimeControl "180+1"]
[EndTime "8:57:08 PST"]
[Termination "santosalberto1987 won by resignation"]

1. e4 e6 2. d4 d5 3. Nc3 Bb4 4.
e5 c5 5. a3 Bxc3+ 6. bxc3 Qa5 7.
Qd2 c4 8. a4 Nc6 9. Nf3 Nge7 10.
Be2 h6 11. O-O Bd7 12. Ba3 O-O 13. Rfb1 b6 14. Bb4 Nxb4 15. cxb4 Qa6 16. c3 Qb7 17. Bd1 f6 18. Bc2 f5 19. h4 a6 20. g3 Be8 21.
Ne1 Bh5 22. Ng2 Qd7 23. Nf4 Bf7 24. h5 g5 25. hxg6 Bxg6 26. Nxg6 Nxg6 27. Qxh6 Qg7 28. Qxg7+ Kxg7 29. Kg2 Rh8 30. Rh1 Ne7 31. Rxh8 Rxh8 32. Rh1 Rxh1 33. Kxh1 Kg6 34. Kg2 Kg5 35. f4+ Kg6 36.
Kf3 Nc6 37. g4 Nd8 38. Kg3 a5 39. b5 Nf7 40. gxf5+ exf5 41. Bd1 Nd8 42. Bf3 Ne6 43. Bxd5 Nc7 44. Bxc4 Kg7 45. Kh4 Kg6 46. d5 Kg7 47.
Kg5 Nxd5 48. Bxd5 1-0

[Event "Early-Titled-Tuesday-Blitz-March-05-2024"]
[Site "Chess.com"]
[Date "2024.03.05"]
[Round "5"]
[White "Firouzja2003"]
[Black "Fandorine"]
[Result "1-0"]
[WhiteElo "3225"]
[BlackElo "2940"]
[TimeControl "180+1"]
[EndTime "8:57:10 PST"]
[Termination "Firouzja2003 won by resignation"]

1. e4 e5 2. Nf3 Nc6 3. Bb5 a6 4. Ba4 Nf6 5. O-O Be7 6. d3 d6 7.
c3 O-O 8. h3 Re8 9. Re1 b5 10.
Bc2 h6 11. Nbd2 Bf8 12. d4 Bb7 13.
a4 exd4 14. cxd4 Nb4 15. Bb1 c5 16. d5 Nd7 17. Ra3 c4 18. Ree3 Nc5 19. axb5 axb5 20. b3 c3 21. Rxc3 f5 22. Nd4 fxe4 23. Rxa8 Bxa8 24. Rg3 Bxd5 25. Nf5 Qf6 26. Qh5 Re5 27. Nxh6+ Kh7 28. Nf5+ Kg8 29. Rg5 Rxf5 30. Rxf5 Qc3 31. Qe8 Qxc1+ 32. Nf1 Ne6 33. Qf7+ 1-0

[Event "Early-Titled-Tuesday-Blitz-March-05-2024"]
[Site "Chess.com"]
[Date "2024.03.05"]
[Round "5"]
[White "Felix-Rose"]
[Black "GilbertoHernandezAmura"]
[Result "0-1"]
[WhiteElo "2294"]
[BlackElo "2439"]
[TimeControl "180+1"]
[EndTime "8:57:10 PST"]
[Termination "GilbertoHernandezAmura won on time"]

1. e4 d5 2. exd5 Nf6 3. d4 Nxd5 4. Nf3 Bg4 5. c4 Nf6 6. h3 Bxf3 7. Qxf3 c6 8. Be3 e6 9. Nc3 Nbd7 10. Bd3 Be7 11. O-O O-O 12. Rfe1 Rc8 13. Rad1 Qa5 14. Bb1 Qb4 15. Qe2 Nb6 16. Bd3 c5 17. d5 exd5 18.
Nxd5 Nbxd5 19. cxd5 Bd6 20. Bg5 Rfe8 21. Qf1 h6 22.
Bxf6 Qf4 23. Rxe8+ Rxe8 24. g3 Qxf6 25. Kg2 Qxb2 26.
Rb1 Qd4 27. Rxb7 Qxd5+ 28. Kh2 Qxb7 0-1

[Event "Early-Titled-Tuesday-Blitz-March-05-2024"]
[Site "Chess.com"]
[Date "2024.03.05"]
[Round "5"]
[White "Pasmendjambvirgulptipon98"]
[Black "volodja49"]
[Result "0-1"]
[WhiteElo "2325"]
[BlackElo "2598"]
[TimeControl "180+1"]
[EndTime "8:57:11 PST"]
[Termination "volodja49 won by resignation"]

1. e4 e6 2. d4 d5 3. exd5 exd5 4. Bd3 c6 5. Qf3 Qf6 6. Qxf6 Nxf6 7. Bf4 Be7 8. Nc3 O-O 9. Nf3 Re8 10. O-O Nbd7 11. Rfe1 Nf8 12. h3 Ng6 13. Bh2 Bd7 14. Re2 Bf8 15.
Rae1 Rxe2 16. Rxe2 Re8 17. Rxe8 Bxe8 18. Ne5 Nxe5 19.
Bxe5 Nd7 20. Bf4 Bb4 21. Ne2 h6 22. c3 Be7 23. Ng3 Kf8 24. Nf5 Nf6 25. Be5 Bd7 26. Nxe7 Kxe7 27. Bxf6+ Kxf6 28. Kh2 Bf5 29. Be2 Ke6 30.
Kg3 g5 31. h4 b6 32. f4 f6 33. Bg4 Bxg4 34. Kxg4 gxh4 35. f5+ Kf7 36. Kxh4 Kg7 37. g4 c5 38. dxc5 bxc5 39. Kg3 Kf7 40. Kf4 Ke7 41.
b4 Kd6 42. a4 Kc6 43. b5+ Kb6 44. Kg3 Ka5 45. Kh4 d4 46. cxd4 cxd4 47. Kg3 Kxa4 48.
Kf4 Kxb5 49. Ke4 Kc4 0-1

[Event "Early-Titled-Tuesday-Blitz-March-05-2024"]
[Site "Chess.com"]
[Date "2024.03.05"]
[Round "5"]
[White "deepfear"]
[Black "javierfreilemartin"]
[Result "0-1"]
[WhiteElo "1962"]
[BlackElo "2304"]
[TimeControl "180+1"]
[EndTime "8:57:11 PST"]
[Termination "javierfreilemartin won on time"]

1. e4 c5 2. Nc3 d6 3. f4 Nc6 4.
Nf3 e6 5. Bb5 Ne7 6. O-O a6 7.
Bxc6+ Nxc6 8. d3 g6 9. Be3 Bg7 10. Qe1 O-O 11. g4 f5 12. gxf5 gxf5 13. e5 dxe5 14. Bxc5 Rf6 15. Nxe5 Nxe5 16. fxe5 Rg6+ 17. Kf2 Qh4+ 18. Ke2 Qxh2+ 19. Kd1 Bh6 20. Rg1 Bd7 21. Rxg6+ hxg6 22. d4 Bc6 23. Ne2 Bf3 24. c3 b6 25.
Bd6 b5 26. a3 Rc8 27. Rc1 Bxc1 28. Kxc1 Qxe2 29. Qg1 Qd1+ 30. Qxd1 Bxd1 31. Kxd1 g5 32. Ke2 Kf7 33. Kf3 Kg6 34. Bb4 Rh8 35. Kg3 Rh1 0-1

[Event "Early-Titled-Tuesday-Blitz-March-05-2024"]
[Site "Chess.com"]
[Date "2024.03.05"]
[Round "5"]
[White "Szachulec75"]
[Black "ChempionBg"]
[Result "1-0"]
[WhiteElo "2230"]
[BlackElo "2385"]
[TimeControl "180+1"]
[EndTime "8:57:12 PST"]
[Termination "Szachulec75 won on time"]

1. Nf3 Nf6 2. g3 b6 3. Bg2 Bb7 4. d3 g6 5. O-O Bg7 6. e4 c5 7. Nc3 O-O 8. Bg5 d6 9. Qd2 Re8 10. Bh6 Bh8 11. h3 Nc6 12. a3 Rc8 13. Nh4 Nd4 14.
Nd1 d5 15. e5 Nd7 16. f4 e6 17. Ne3 b5 18. Rae1 Qb6 19. Kh2 c4 20. c3 Nb3 21.
Qe2 cxd3 22. Qxd3 Ndc5 23. Qe2 d4 24. cxd4 Nxd4 25. Qg4 Nd3 26. Rb1 Bxg2 27. Nexg2 Rc2 28. Bg5 Nf2 29. Rxf2 Rxf2 30. Bf6 Qc6 31. Rg1 Nf3+ 32. Nxf3 Qxf3 33. Qh4 Rc8 34. Bxh8 1-0

[Event "Early-Titled-Tuesday-Blitz-March-05-2024"]
[Site "Chess.com"]
[Date "2024.03.05"]
[Round "5"]
[White "GianmarcoVaR"]
[Black "andrzej"]
[Result "1-0"]
[WhiteElo "2758"]
[BlackElo "2547"]
[TimeControl "180+1"]
[EndTime "8:57:13 PST"]
[Termination "GianmarcoVaR won by resignation"]

1. e4 e5 2. Nf3 Nf6 3. Nxe5 d6 4.
Nf3 Nxe4 5. c4 Nc6 6. d4 Bf5 7. Bd3 Be7 8. O-O Qd7 9. Re1 Nf6 10. d5 Ne5 11. Nxe5 dxe5 12. Rxe5 Bxd3 13. Qxd3 O-O-O 14. Nc3 Bd6 15. Re1 Ng4 16. h3 Ne5 17. Qd4 Rde8 18.
Bf4 Qf5 19. Bxe5 Bxe5 20. Qxa7 Qf4 21. g3 Qxc4 22. Rxe5 Rxe5 23. Qa8+ Kd7 24. Qxh8 Rg5 25. Re1 c6 26. Qe8+ Kc7 27. Qe7+ Kb6 28. Qxg5 1-0

[Event "Early-Titled-Tuesday-Blitz-March-05-2024"]
[Site "Chess.com"]
[Date "2024.03.05"]
[Round "5"]
[White "ChessFanNM"]
[Black "lagunanivaria"]
[Result "0-1"]
[WhiteElo "2260"]
[BlackElo "2432"]
[TimeControl "180+1"]
[EndTime "8:57:17 PST"]
[Termination "lagunanivaria won by resignation"]

1. Nf3 Nf6 2. c4 e6 3. b3 d5 4. e3 Be7 5. Bb2 O-O 6. d4 b6 7. Bd3 Bb7 8. O-O c5 9. Qe2 Nc6 10. Nbd2 Rc8 11. Rac1 cxd4 12. exd4 dxc4 13. bxc4 h6 14.
Rfd1 Re8 15. Ne4 Nb4 16. Nxf6+ Bxf6 17. Bb1 Nc6 18. Qe4 g6 19. Qe3 Bg7 20. h4 Na5 21. h5 Nxc4 22. Rxc4 Rxc4 23. hxg6 f5 24. Bd3 Rc8 25.
Bb5 Bc6 26. Ba6 Rc7 27. Bc4 Bd5 28. Bb5 Rc2 29. Ba3 Rxa2 30. Rc1 Rxa3 31. Qxa3 Rf8 32.
Qxa7 Bxf3 33. gxf3 Qg5+ 34. Kh2 Qxc1 35. Qe7 Qf4+ 36.
Kg2 Qg5+ 37. Qxg5 hxg5 0-1

[Event "Early-Titled-Tuesday-Blitz-March-05-2024"]
[Site "Chess.com"]
[Date "2024.03.05"]
[Round "5"]
[White "alvarorodriguezavila"]
[Black "HelvertHernandez"]
[Result "1-0"]
[WhiteElo "2345"]
[BlackElo "2026"]
[TimeControl "180+1"]
[EndTime "8:57:17 PST"]
[Termination "alvarorodriguezavila won by resignation"]

1. e4 c5 2. d4 cxd4 3. c3 dxc3 4. Nf3 e6 5. Bc4 Nc6 6. Nxc3 Bb4 7. O-O Nge7 8. Nb5 d5 9. exd5 exd5 10. Bxd5 O-O 11.
Bc4 a6 12. Nbd4 Bg4 13. Nxc6 Nxc6 14. Qb3 b5 15. Bd5 Bxf3 16. Qxf3 Nd4 17. Qe4 Bc5 18. Bxa8 Qxa8 19. Qxa8 Rxa8 20. Bd2 h6 21. Rfd1 Nf5 22. Rac1 Bb6 23. Rc6 Rb8 24. Bf4 Rb7 25. Rc8+ Kh7 26. Rb8 Rxb8 27. Bxb8 Nd4 28. Kf1 f6 29.
Bf4 Kg6 30. Be3 1-0

[Event "Early-Titled-Tuesday-Blitz-March-05-2024"]
[Site "Chess.com"]
[Date "2024.03.05"]
[Round "5"]
[White "Salem-AR"]
[Black "lilleper1"]
[Result "0-1"]
[WhiteElo "3026"]
[BlackElo "2923"]
[TimeControl "180+1"]
[EndTime "8:57:20 PST"]
[Termination "lilleper1 won by resignation"]

1. d4 Nf6 2. Nf3 d5 3. Bf4 e6 4.
e3 Bd6 5. Nbd2 c5 6. c3 Nc6 7. Bg3 O-O 8. Bb5 Ne7 9. Bd3 b6 10.
O-O Bb7 11. Qe2 Ne4 12. Rfd1 Nxg3 13. hxg3 Nc6 14. e4 cxd4 15. cxd4 dxe4 16. Bxe4 Rc8 17. Nc4 Ba6 18. Rac1 Na5 19. b3 Nxc4 20. bxc4 Qf6 21. Rc2 Rc7 22. Rdc1 Rfc8 23. Qd3 g6 24. Qb3 Qe7 25.
g4 Ba3 26. Qa4 Bxc4 27. Rxc4 Bxc1 28. Bc6 Qd6 29. Ne5 Bf4 30. Bd7 Rxc4 31. Nxc4 Rxc4 0-1

[Event "Early-Titled-Tuesday-Blitz-March-05-2024"]
[Site "Chess.com"]
[Date "2024.03.05"]
[Round "5"]
[White "Leonid_Starozhilov"]
[Black "tandaleo"]
[Result "1-0"]
[WhiteElo "2714"]
[BlackElo "2478"]
[TimeControl "180+1"]
[EndTime "8:57:20 PST"]
[Termination "Leonid_Starozhilov won by resignation"]

1. e4 e5 2. Nf3 Nc6 3. Nc3 Nf6 4. Bb5 Bd6 5. Bxc6 dxc6 6. d3 O-O 7. h3 Nd7 8. Be3 c5 9. O-O f6 10. Nd2 Re8 11.
Nc4 Nf8 12. f4 exf4 13. Bxf4 Bxf4 14. Rxf4 Be6 15. Ne3 Qd4 16. Qd2 Ng6 17. Rf2 Rad8 18. b3 Ne5 19. Raf1 c4 20. bxc4 Bxc4 21. Ncd5 Bxd5 22. Nxd5 c6 23. Ne3 Ng6 24. Nf5 Qc5 25. Qc1 b5 26. h4 Ne5 27. Qf4 Rd7 28. Qg3 Red8 29. Kh1 Qf8 30. Nh6+ Kh8 31. Qxe5 gxh6 32. Rxf6 Qg7 33. Rf8+ 1-0

[Event "Early-Titled-Tuesday-Blitz-March-05-2024"]
[Site "Chess.com"]
[Date "2024.03.05"]
[Round "5"]
[White "Qvalda"]
[Black "NowInChess"]
[Result "1-0"]
[WhiteElo "2431"]
[BlackElo "2252"]
[TimeControl "180+1"]
[EndTime "8:57:20 PST"]
[Termination "Qvalda won on time"]

1. d4 Nf6 2. c4 c5 3. d5 b5 4.
cxb5 a6 5. e3 e6 6. Nc3 Bb7 7.
dxe6 fxe6 8. Nf3 d5 9. bxa6 Nxa6 10. Bb5+ Nd7 11. O-O Bd6 12. e4 d4 13. e5 Bc7 14.
Nxd4 cxd4 15. Qxd4 Bb6 16. Bxd7+ Qxd7 17. Qxb6 O-O 18.
Be3 Rac8 19. Rad1 Qe7 20. Rd6 Rxc3 21. bxc3 Bd5 22. Rxd5 exd5 23. Qxa6 Qxe5 24. Qd3 Ra8 25. Qd4 Qe6 26. a4 Qc6 27. Ra1 Ra5 28. h3 h6 29. Qb4 Ra6 30. a5 1-0

[Event "Early-Titled-Tuesday-Blitz-March-05-2024"]
[Site "Chess.com"]
[Date "2024.03.05"]
[Round "5"]
[White "ZuraTqebuchava"]
[Black "JoliyRoger"]
[Result "0-1"]
[WhiteElo "2244"]
[BlackElo "2425"]
[TimeControl "180+1"]
[EndTime "8:57:23 PST"]
[Termination "JoliyRoger won by resignation"]

1. e4 c6 2. d4 d5 3. exd5 cxd5 4. Bd3 Nc6 5. c3 Qc7 6. h3 g6 7.
Nf3 Bf5 8. O-O Nf6 9. Re1 h6 10. Na3 a6 11. Nc2 e6 12. Ne3 Bxd3 13. Qxd3 Bd6 14. a4 Kf8 15. Ng4 Nxg4 16. hxg4 Kg7 17. Ne5 Nxe5 18. dxe5 Bxe5 19. a5 Bf6 20. Qf3 g5 21.
Be3 Qc4 22. Bd2 Rhe8 23. b3 Qc6 24.
Rac1 Rac8 25. Qd3 Qb5 26. Qxb5 axb5 27. Re3 Rc6 28. Rd3 Rec8 29. c4 bxc4 30. bxc4 dxc4 31. Rd7 R8c7 32. Rxc7 Rxc7 33. Kf1 c3 34. Be3 c2 35. Bb6 Rc6 0-1

[Event "Early-Titled-Tuesday-Blitz-March-05-2024"]
[Site "Chess.com"]
[Date "2024.03.05"]
[Round "5"]
[White "baki83"]
[Black "Herman-NY"]
[Result "1/2-1/2"]
[WhiteElo "2793"]
[BlackElo "2527"]
[TimeControl "180+1"]
[EndTime "8:57:25 PST"]
[Termination "Game drawn by repetition"]

1. e4 e5 2. Nf3 Nc6 3. Bb5 a6 4.
Ba4 Nf6 5. O-O b5 6. Bb3 Bc5 7. c3 d6 8. d4 Bb6 9. a4 Bb7 10. Re1 h6 11. h3 O-O 12. Be3 exd4 13. cxd4 Na5 14. d5 Bxe3 15. Rxe3 c5 16. dxc6 Bxc6 17.
Nc3 Re8 18. Nd4 b4 19. Nxc6 Nxc6 20. Nd5 Nxe4 21. Rc1 Rc8 22. Rc4 Nc5 23. Rg4 Rxe3 24. Nxe3 Ne5 25. Rd4 Nxb3 26. Qxb3 Rc1+ 27. Kh2 Qf6 28.
Nd5 Qxf2 29. Rf4 Qg1+ 30. Kg3 Qe1+ 31. Kh2 Qg1+ 32. Kg3 Qe1+ 33. Kh2 Qg1+ 1/2-1/2

[Event "Early-Titled-Tuesday-Blitz-March-05-2024"]
[Site "Chess.com"]
[Date "2024.03.05"]
[Round "5"]
[White "martinmena"]
[Black "dianamirza"]
[Result "1-0"]
[WhiteElo "2308"]
[BlackElo "1988"]
[TimeControl "180+1"]
[EndTime "8:57:25 PST"]
[Termination "martinmena won by checkmate"]

1. c4 c5 2. g3 Nc6 3. Bg2 g6 4. Nc3 Bg7 5. e4 d6 6. Nge2 e5 7. O-O f5 8. d3 Nge7 9. f4 O-O 10. Be3 Nd4 11. Qd2 fxe4 12. dxe4 Be6 13. b3 exf4 14. Nxf4 Bg4 15. h3 Bd7 16. Rad1 Nec6 17.
Ncd5 Qa5 18. Qxa5 Nxa5 19. Ne7+ Kh8 20. Nfxg6+ hxg6 21.
Nxg6+ Kg8 22. Nxf8 Rxf8 23. Kh2 Nac6 24. Rxf8+ Bxf8 25. b4 Bg7 26. bxc5 dxc5 27. Bf4 Na5 28. e5 Nxc4 29. Bd5+ Be6 30. Rxd4 Nxe5 31. Bxe6+ Kf8 32. Re4 Nf3+ 33. Kg2 Nd4 34. Bd5 b5 35. Bd6# 1-0

[Event "Early-Titled-Tuesday-Blitz-March-05-2024"]
[Site "Chess.com"]
[Date "2024.03.05"]
[Round "5"]
[White "Nuvas"]
[Black "PositionalPanther"]
[Result "1-0"]
[WhiteElo "2813"]
[BlackElo "2614"]
[TimeControl "180+1"]
[EndTime "8:57:26 PST"]
[Termination "Nuvas won by resignation"]

1. d4 e6 2. c4 d5 3. Nc3 a6 4. cxd5 exd5 5. Qb3 Nf6 6. Bg5 Be6 7. Qxb7 Nbd7 8.
Qb3 Rb8 9. Qc2 h6 10. Bxf6 Qxf6 11. e3 c5 12. dxc5 Bxc5 13. Nf3 O-O 14. Be2 Rfc8 15. O-O Bf5 16. Qd2 Bb4 17. Rac1 Be4 18. Nxe4 dxe4 19.
Rxc8+ Rxc8 20. Qxd7 Rd8 21. Qg4 exf3 22. Bxf3 Qxb2 23. h4 a5 24. a4 Qc2 25. Be4 Qxa4 26. Qf5 g6 27. Qf6 Rd1 28. g3 Rxf1+ 29. Kxf1 Qd1+ 30.
Kg2 Qd6 31. Qf3 h5 32. Bd5 Qe7 33. Qd1 Qa7 34. Qc2 a4 35. Qxg6+ Kf8 36. Qh6+ Ke8 37.
Qh8+ Ke7 38. Qxh5 a3 39. Qxf7+ 1-0

[Event "Early-Titled-Tuesday-Blitz-March-05-2024"]
[Site "Chess.com"]
[Date "2024.03.05"]
[Round "5"]
[White "kyuotbi"]
[Black "SmirnovTimofey2000"]
[Result "1-0"]
[WhiteElo "2294"]
[BlackElo "1938"]
[TimeControl "180+1"]
[EndTime "8:57:26 PST"]
[Termination "kyuotbi won by resignation"]

1. e4 e5 2. Nf3 Nf6 3. Nxe5 d6 4. Nf3 Nxe4 5. d4 d5 6. Bd3 Nc6 7. c4 Bb4+ 8. Kf1 Bg4 9. cxd5 Qxd5 10. Qe2 Bxf3 11.
gxf3 O-O 12. fxe4 Qxd4 13. Be3 Qf6 14. a3 Bd6 15. Nc3 Ne5 16. Rd1 Rad8 17. Rg1 Qh4 18. Rg2 Qh3 19. Nd5 Nf3 20. Bf4 Nxh2+ 21. Bxh2 Bxh2 22.
Qe3 Qh5 23. Nf6+ 1-0

[Event "Early-Titled-Tuesday-Blitz-March-05-2024"]
[Site "Chess.com"]
[Date "2024.03.05"]
[Round "5"]
[White "chessamical"]
[Black "Igor_Lysyj"]
[Result "0-1"]
[WhiteElo "2151"]
[BlackElo "2814"]
[TimeControl "180+1"]
[EndTime "8:57:28 PST"]
[Termination "Igor_Lysyj won by resignation"]

1. d4 Nf6 2. Bf4 d5 3. e3 Bf5 4. c4 e6 5. Nc3 Nbd7 6. Nf3 Bb4 7. Qb3 c5 8. Rd1 Qa5 9. a3 Bxc3+ 10. bxc3 O-O 11. Be2 Ne4 12. cxd5 Nxc3 13. Bc7 Qxc7 14.
Qxc3 exd5 15. dxc5 Be4 16. Nd4 Qxc5 17. Qxc5 Nxc5 18.
f3 Bg6 19. Kf2 a6 20. h4 h6 21. g4 Rac8 22. h5 Bh7 23. Rhg1 f6 24. Nf5 Bxf5 25.
gxf5 Rfd8 26. Rg4 Kf8 27. Rgd4 b5 28. Rxd5 Rxd5 29. Rxd5 Ke7 30. Rd1 Na4 31. Rg1 Kf8 32. Rd1 Rc2 33. Ke1 Nc3 34. Rd2 Rxd2 35. Kxd2 Nb1+ 36. Kc2 Nxa3+ 37. Kb3 Nb1 38. Kc2 Na3+ 39. Kb3 Nc4 40. Bxc4 bxc4+ 41. Kxc4 Ke7 42. Kc5 Kd7 43. Kb6 Kd6 44. Kxa6 Ke5 45. e4 Kf4 46. Kb5 Kxf3 47. Kc5 Kxe4 48. Kd6 Kxf5 49. Ke7 Kg5 50. Kf7 f5 51. Kxg7 f4 0-1

[Event "Early-Titled-Tuesday-Blitz-March-05-2024"]
[Site "Chess.com"]
[Date "2024.03.05"]
[Round "5"]
[White "yuriydovzik"]
[Black "Chesstiger64"]
[Result "0-1"]
[WhiteElo "2099"]
[BlackElo "2354"]
[TimeControl "180+1"]
[EndTime "8:57:29 PST"]
[Termination "Chesstiger64 won on time"]

1. Nc3 c5 2. e4 g6 3. Nf3 Bg7 4. h4 d6 5. h5 Nf6 6. h6 Bf8 7. d4 cxd4 8. Nxd4 Nc6 9. Be2 e5 10.
Ndb5 a6 11. Na3 b5 12. Bg5 Be7 13. Bxf6 Bxf6 14. Nd5 Be6 15. c4 b4 16. Nc2 a5 17.
b3 O-O 18. Nxf6+ Qxf6 19. Qxd6 Rac8 20. Qd2 Rfd8 21. Qe3 Nd4 22. Nxd4 Rxd4 23. O-O g5 24. Rad1 Rcd8 25. Rxd4 exd4 26. e5 Qxh6 27. Qe4 Qg6 28. Bd3 Kf8 29. Rd1 Qxe4 30. Bxe4 h6 31. f3 Ke7 32. Kf2 f5 33. exf6+ Kxf6 34. Ke2 Ke5 35. Rh1 Rh8 36. Kd3 h5 37. g3 h4 38. f4+ gxf4 39.
gxh4 Rg8 0-1

[Event "Early-Titled-Tuesday-Blitz-March-05-2024"]
[Site "Chess.com"]
[Date "2024.03.05"]
[Round "5"]
[White "Misterfox120"]
[Black "TimGrutter03"]
[Result "0-1"]
[WhiteElo "2470"]
[BlackElo "2621"]
[TimeControl "180+1"]
[EndTime "8:57:30 PST"]
[Termination "TimGrutter03 won on time"]

1. d4 g6 2. e4 Bg7 3. Nc3 d6 4. Be3 a6 5. g4 h6 6. Bg2 Nc6 7. h3 e5 8. dxe5 dxe5 9. Qxd8+ Nxd8 10. O-O-O Ne7 11. Nge2 Ne6 12. Nd5 Bd7 13. Nec3 h5 14.
Nxe7 Kxe7 15. Nd5+ Ke8 16. c3 Bc6 17. Kc2 Rd8 18. Nb4 Bb5 19. Rxd8+ Kxd8 20. Bf3 hxg4 21.
hxg4 Rxh1 22. Bxh1 Be2 23. f3 Bf8 24. Nd3 Bxd3+ 25.
Kxd3 Bc5 26. Bg2 Bxe3 27. Kxe3 Kd7 28. Bf1 b5 29. b4 c5 30. Bd3 cxb4 31. cxb4 Nd4 32.
a3 g5 33. Bb1 Kc6 34. Bd3 Kb6 0-1

[Event "Early-Titled-Tuesday-Blitz-March-05-2024"]
[Site "Chess.com"]
[Date "2024.03.05"]
[Round "5"]
[White "mertfelin"]
[Black "UnTucopalaTimba"]
[Result "1-0"]
[WhiteElo "2344"]
[BlackElo "2003"]
[TimeControl "180+1"]
[EndTime "8:57:30 PST"]
[Termination "mertfelin won by resignation"]

1. e4 c6 2. Nc3 d5 3. Nf3 g6 4. d4 Bg7 5. h3 Nf6 6. e5 Nfd7 7. Bf4 O-O 8. Be2 e6 9. b4 a5 10. a3 axb4 11. axb4 Rxa1 12. Qxa1 Na6 13. b5 Nb4 14. Qb2 Qe7 15. O-O c5 16. Na4 cxd4 17.
Rb1 d3 18. cxd3 Nxd3 19. Bxd3 b6 20. Rc1 Bb7 21. Qd4 Qa3 22. Ra1 Qb3 23. Rb1 Qa3 24. Bf1 Nc5 25. Nxb6 Ne4 26. Nd7 Rc8 27. b6 Bc6 28. b7 Bxb7 29. Rxb7 1-0

[Event "Early-Titled-Tuesday-Blitz-March-05-2024"]
[Site "Chess.com"]
[Date "2024.03.05"]
[Round "5"]
[White "luckyswitchback"]
[Black "Sofiia_Hryzlova"]
[Result "1-0"]
[WhiteElo "2672"]
[BlackElo "2484"]
[TimeControl "180+1"]
[EndTime "8:57:31 PST"]
[Termination "luckyswitchback won by checkmate"]

1. e4 e5 2. Nf3 Nc6 3. Bb5 a6 4. Ba4 b5 5. Bb3 Na5 6. O-O Nxb3 7. axb3 d6 8. d4 exd4 9. Nxd4 Bd7 10. Re1 Nf6 11.
e5 dxe5 12. Rxe5+ Be7 13. Bg5 c5 14. Nf3 Be6 15. Nc3 O-O 16. Bxf6 Bxf6 17. Rxc5 Qb6 18. b4 Rad8 19. Qe2 Rfe8 20. Re1 Kf8 21. Qe3 Qd6 22.
Ne4 Qe7 23. Nxf6 Qxf6 24. Re5 Bd7 25. c3 Re6 26. Rxe6 Bxe6 27. Nd4 Bc4 28. Qe5 Qb6 29. Qe7+ Kg8 30. Qe8+ Rxe8 31. Rxe8# 1-0

[Event "Early-Titled-Tuesday-Blitz-March-05-2024"]
[Site "Chess.com"]
[Date "2024.03.05"]
[Round "5"]
[White "Kumi29"]
[Black "KuzubovYuriy"]
[Result "0-1"]
[WhiteElo "2618"]
[BlackElo "2967"]
[TimeControl "180+1"]
[EndTime "8:57:32 PST"]
[Termination "KuzubovYuriy won by checkmate"]

1. d4 g6 2. h4 Nf6 3. Nc3 d5 4. Bg5 Bg7 5. e3 c5 6. h5 Nxh5 7. Rxh5 gxh5 8. Qxh5 cxd4 9. exd4 Bf5 10. O-O-O Nc6 11.
Nf3 Bg6 12. Qh4 Rc8 13. Re1 f6 14. Bxf6 Bxf6 15. Qxf6 Rf8 16. Qg7 Qd6 17. Bb5 Rf7 18. Bxc6+ bxc6 19. Qh8+ Kd7 20. Ne5+ Kc7 21. Nxf7 Qf4+ 22.
Kb1 Rxh8 23. Rxe7+ Kb8 24. Nxh8 Qxf2 25. a4 Bxc2+ 26.
Ka1 Qf8 27. Re2 Bb3 28. Re3 Qxh8 29. Nb1 Bxa4 30. Nc3 Qxd4 31. Re8+ Kc7 32. Re7+ Kb6 33. Rxh7 Bb3 34. Rh6 Qg1+ 35. Nb1 Bc2 36. Ka2 Qxb1+ 37.
Ka3 Qa1+ 38. Kb4 Qxb2# 0-1

[Event "Early-Titled-Tuesday-Blitz-March-05-2024"]
[Site "Chess.com"]
[Date "2024.03.05"]
[Round "5"]
[White "noblerone"]
[Black "IM_ArthurDW08"]
[Result "0-1"]
[WhiteElo "2516"]
[BlackElo "2784"]
[TimeControl "180+1"]
[EndTime "8:57:32 PST"]
[Termination "IM_ArthurDW08 won by resignation"]

1. d4 d5 2. Nf3 Nf6 3. Bg5 Ne4 4.
Bf4 g6 5. Nbd2 Bg7 6. c3 O-O 7. e3 c5 8. Bd3 Nxd2 9. Qxd2 Nc6 10. O-O Bg4 11. Be2 b6 12. h3 Bxf3 13. Bxf3 e6 14. Rfd1 Rc8 15. Rac1 Qe7 16. e4 dxe4 17. Bxe4 cxd4 18.
Bxc6 Rxc6 19. cxd4 Rxc1 20. Rxc1 Qd7 21. Be3 Rd8 22. Rd1 Qd5 23. b3 h5 24. Bg5 Rd7 25. Qf4 e5 26. Qh4 exd4 27. Bf6 d3 28. Bxg7 Kxg7 29. Qf4 d2 30. g3 Qd3 31. Kh2 Qe2 0-1

[Event "Early-Titled-Tuesday-Blitz-March-05-2024"]
[Site "Chess.com"]
[Date "2024.03.05"]
[Round "5"]
[White "enriquebutti"]
[Black "Boorchess"]
[Result "1-0"]
[WhiteElo "2209"]
[BlackElo "2513"]
[TimeControl "180+1"]
[EndTime "8:57:32 PST"]
[Termination "enriquebutti won on time"]

1. d4 d5 2. c4 e5 3. dxe5 d4 4. Nf3 Nc6 5. g3 Nge7 6. Bg2 Ng6 7. O-O Ngxe5 8. Nbd2 Be7 9. Nxe5 Nxe5 10. b4 O-O 11. a3 Bg4 12. Bxb7 d3 13. Bf3 Nxf3+ 14. exf3 Bf6 15. fxg4 Bxa1 16. Nb3 Bc3 17. Bd2 Qf6 18. g5 Qe6 19. Bxc3 Qxc4 20. Bd2 Rfe8 21. Nc5 Rad8 22. Be3 a5 23. Qb3 Qxb3 24. Nxb3 axb4 25. axb4 Re4 26. Bd2 Ra8 27. Rc1 Re7 28. Rc3 Rd8 29. Kg2 f6 30. gxf6 gxf6 31. Kf3 Kf7 32. Be3 Rdd7 33. Nd4 d2 34. Rd3 1-0

[Event "Early-Titled-Tuesday-Blitz-March-05-2024"]
[Site "Chess.com"]
[Date "2024.03.05"]
[Round "5"]
[White "NikoTheodorou"]
[Black "moro182"]
[Result "0-1"]
[WhiteElo "3052"]
[BlackElo "2834"]
[TimeControl "180+1"]
[EndTime "8:57:35 PST"]
[Termination "moro182 won by resignation"]

1. Nf3 g6 2. g3 Bg7 3. Bg2 d6 4. d4 Bd7 5. c4 Qc8 6. Nc3 Nc6 7. O-O Bh3 8. Bxh3 Qxh3 9. d5 Ne5 10.
Nxe5 Bxe5 11. Nb5 h5 12. f4 h4 13. Qd3 Bg7 14. Nxc7+ Kd7 15. Nxa8 Bd4+ 16. Qxd4 hxg3 17.
Rf2 gxf2+ 18. Qxf2 Nf6 19. Qxa7 Qxh2+ 20. Kf1 Qh1+ 21.
Qg1 Qe4 22. Nb6+ Kc7 23. Na8+ Kb8 24. Qg2 Rh1+ 25. Kf2 Rh2 26. Qxh2 Ng4+ 27. Kg3 Nxh2 28. Kxh2 Qxe2+ 29. Kg3 Qe1+ 30. Kf3 Kxa8 31. b3 0-1

[Event "Early-Titled-Tuesday-Blitz-March-05-2024"]
[Site "Chess.com"]
[Date "2024.03.05"]
[Round "5"]
[White "Evgeny81"]
[Black "SharapovEvgeny"]
[Result "1-0"]
[WhiteElo "2773"]
[BlackElo "2543"]
[TimeControl "180+1"]
[EndTime "8:57:35 PST"]
[Termination "Evgeny81 won by resignation"]

1. e4 c6 2. d4 d5 3. Nd2 dxe4 4. Nxe4 Bf5 5. Ng3 Bg6 6. h4 h6 7. Nf3 Nd7 8. Bd3 Bxd3 9. Qxd3 Ngf6 10. Bf4 Qa5+ 11.
Bd2 Qc7 12. O-O-O e6 13. Rhe1 O-O-O 14. Kb1 Bd6 15. Ne4 Nxe4 16. Qxe4 Nf6 17. Qe2 Bf4 18.
g3 Bxd2 19. Rxd2 Rd5 20. Red1 c5 21. c4 Rdd8 22. Qe3 cxd4 23. Rxd4 Rxd4 24. Rxd4 Rd8 25. Rxd8+ Qxd8 26. Kc2 a6 27. Ne5 Qc7 28. Qd4 Ne8 29.
b3 f6 30. Nd3 Qd6 31. Kc3 Qxd4+ 32. Kxd4 b6 33. c5 Kc7 34. cxb6+ Kxb6 35. Nc5 Nc7 36. a4 a5 37. Kc4 e5 38. h5 Kc6 39. g4 Kb6 40. Ne4 Kc6 41. Ng3 Ne6 42. Nf5 e4 43. Nd4+ Nxd4 44. Kxd4 Kd6 45. Kxe4 Kc5 46. Kd3 Kb4 47.
Kc2 Kc5 48. Kc3 1-0